 Dungeon Crawl Stone Soup version 0.27-a0-1317-gd1140b374c (webtiles) character file.

Game seed: 17172654107695985647

121 Ijustatesigmund the Chopper (level 5, -5/47 HPs)
             Began as a Hill Orc Fighter on June 21, 2021.
             Slain by a water moccasin (6 damage)
             ... on level 3 of the Dungeon.
             The game lasted 00:02:46 (2046 turns).

Ijustatesigmund the Chopper (Hill Orc Fighter)      Turns: 2046, Time: 00:02:47

Health: -5/47      AC:  6    Str: 17 (19) XL:     5   Next: 5%
Magic:  5/5        EV:  7    Int:  5 (8)  God:
Gold:   151        SH:  8    Dex: 10 (11) Spells: 4/4 levels left

rFire    . . .     SeeInvis .   a - +0 war axe
rCold    . . .     Faith    .   c - +0 kite shield {reflect}
rNeg     . . .     Spirit   .   b - +0 scale mail
rPois    .         Reflect  +   (no helmet)
rElec    .         Harm     .   (no cloak)
rCorr    .         Rampage  .   (no gloves)
Will     .....                  (no boots)
Stlth    ..........             (no amulet)
HPRegen  0.15/turn              (no ring)
MPRegen  0.09/turn              (no ring)

@: lethally poisoned (-5 -> -9), attractive
A: no striking features
a: no special abilities


You were on level 3 of the Dungeon.
You visited 1 branch of the dungeon, and saw 3 of its levels.

You collected 151 gold pieces.

Inventory:

Hand Weapons
 a - a +0 war axe (weapon)
 n - a +2 vorpal flail
Armour
 b - a +0 scale mail (worn)
 c - a +0 kite shield of reflection (worn)
Jewellery
 k - a +4 ring of evasion
Scrolls
 g - a scroll of amnesia
Potions
 d - a potion of might
 h - a potion of resistance
 m - a potion of brilliance {unknown}


   Skills:
 + Level 4.3 Fighting
 + Level 6.1 Axes
 - Level 3.2 Armour
 - Level 3.2 Shields


You had 4 spell levels left.
You didn't know any spells.
Your spell library was empty.

Dungeon Overview and Level Annotations

Branches:
Dungeon (3/15)

Altars:
Wu Jian

Annotations:
D:3 2 runed translucent doors, Kinoniko's ghost, amateur FoFi


Message History

You closely miss the water moccasin.
The water moccasin is heavily wounded.
You feel sick. The water moccasin bites you! The water moccasin bites you.
You are too injured to fight recklessly!
You are too injured to fight recklessly!
A water moccasin is nearby!
It was a potion of curing.
You feel better. The water moccasin bites you.
You block the water moccasin's attack.
You closely miss the water moccasin.
The water moccasin is heavily wounded.
The water moccasin bites you but does no damage.
You block the water moccasin's attack.
You hit the water moccasin.
The water moccasin is severely wounded.
The water moccasin closely misses you.
You closely miss the water moccasin.
The water moccasin is severely wounded.
The water moccasin bites you. x2
You miss the water moccasin.
The water moccasin is severely wounded.
You block the water moccasin's attack. The water moccasin bites you.
You are poisoned.
The water moccasin poisons you!
You miss the water moccasin.
The water moccasin is severely wounded.
* * * LOW HITPOINT WARNING * * *
You feel very sick. The water moccasin bites you!
* * * LOW HITPOINT WARNING * * *
You block the water moccasin's attack. x2
It was a potion of degeneration.
There was something very wrong with that liquid.
You feel weakened.
You feel dopey.
You feel clumsy.
* * * LOW HITPOINT WARNING * * *
You feel sick. The water moccasin barely misses you.
It was a potion of attraction.
You feel attractive to monsters.
* * * LOW HITPOINT WARNING * * *
You feel sick. The water moccasin bites you.
You die...

#.#****,**,*,*
#.#,,,*,**,*,*
#.#,*,,,,,,,,*
####.#,***,**,***
#....#,,,,,**,*
#.####*******,*
#.# *,*
#.#########**,*
#..@S......,,,*
###########****


You could see a water moccasin.

Vanquished Creatures
  Terence (D:2)
  5 adders
  A worm (D:2)
  A dart slug (D:1)
  6 endoplasms
  2 giant cockroaches
  2 goblins
  6 hobgoblins
  5 jackals
  2 kobolds
  3 quokkas
  4 ball pythons
  3 bats
  2 frilled lizards
  7 rats
50 creatures vanquished.

Notes
Turn   | Place    | Note
-------+----------+-------------------------------------------
     0 | D:1      | Ijustatesigmund the Hill Orc Fighter began the quest for
                  | the Orb.
     0 | D:1      | Reached XP level 1. HP: 19/19 MP: 1/1
    28 | D:1      | Reached skill level 3 in Axes
   221 | D:1      | Reached XP level 2. HP: 20/26 MP: 2/2
   428 | D:1      | Reached skill level 4 in Axes
   673 | D:2      | Reached XP level 3. HP: 30/31 MP: 3/3
   737 | D:2      | Found an ornate altar of the Wu Jian Council.
   757 | D:2      | Reached skill level 5 in Axes
   888 | D:2      | Reached XP level 4. HP: 39/39 MP: 4/4
  1280 | D:2      | Noticed Terence
  1289 | D:2      | Killed Terence
  1648 | D:3      | Reached skill level 6 in Axes
  1696 | D:3      | Reached XP level 5. HP: 40/46 MP: 5/5
  1988 | D:3      | Found a large runed translucent door.
  1989 | D:3      | Found a large runed translucent door.
  1992 | D:3      | Noticed Kinoniko's ghost (amateur FoFi)
  2030 | D:3      | Noticed a water moccasin
  2046 | D:3      | HP: 1/47 [poisoned by a water moccasin]
  2046 | D:3      | Slain by a water moccasin

Illustrated notes

Levels and vault maps discovered:
D:1:      denvon_arrival_hothouse, layout_basic, serial_corexii_hall,
          corexii_hall_statues_deadend, corexii_hall_statues_i,
          corexii_hall_statues_t, corexii_hall_statues_deadend
D:2:      layout_basic, basic_altar, minmay_randomly_rotated_circles,
          uniq_terence
D:3:      layout_basic, general_overflow_altar, grunt_temple_overflow_open,
          ebering_ghost_disaster_area

Skill      XL: |  1  2  3  4 |
---------------+-------------+-----
Axes           | 3 4 5 6 |  6.1
Fighting       | 4 |  4.3
Armour         | |  3.2
Shields        | |  3.2

Action                   |  1- 3 |  4- 6 || total
-------------------------+-------+-------++-------
Melee: War axe           |    79 |    55 ||   134
  Use: Scroll            |       |     5 ||     5
       Potion            |       |     3 ||     3
Armor: Scale mail        |    41 |    15 ||    56
Dodge: Dodged            |    26 |     8 ||    34
Block: Kite shield       |    40 |    30 ||    70

Table legend: (Time is in decaauts)
 A = Elapsed time spent in this place.
 B = Non-inter-level travel time spent in this place.
 C = Inter-level travel time spent in this place.
 D = Time resting spent in this place.
 E = Time spent auto-exploring this place.
 F = Levels seen in this place.
 G = Mean time per level.
                   A        B        C        D        E       F      G
               +--------+--------+--------+--------+--------+-----+--------+
         Total |   2110 |   2103 |      7 |    169 |   1576 |   3 |  703.3 |
       Dungeon |   2110 |   2103 |      7 |    169 |   1576 |   3 |  703.3 |
               +--------+--------+--------+--------+--------+-----+--------+

Top non-repeatable levels by time:
     D:2: 849 daAuts
     D:1: 691 daAuts
     D:3: 568 daAuts
